 Dungeon Crawl Stone Soup version 0.30-a0-540-g0af01429fa (webtiles) character file.

Game seed: 5957214240511625535

32066 drugrobin the Black Belt (level 13, -5/105 HPs)
             Began as a Demigod Delver on Dec 25, 2022.
             Slain by a death scarab (21 damage)
             ... in a Gauntlet.
             The game lasted 00:49:03 (17102 turns).

drugrobin the Black Belt (Demigod Delver)          Turns: 17102, Time: 00:49:04

Health: -5/105     AC:  9    Str: 23    XL:     13   Next: 1%
Magic:  22/22      EV: 12    Int: 24    God:
Gold:   900        SH:  0    Dex: 19    Spells: 4/20 levels left

rFire   . . .      SeeInvis .      - Unarmed
rCold   + . .      Faith    .    (shield currently unavailable)
rNeg    . . .      Spirit   .    K - +2 leather armour {rC+}
rPois   +          Reflect  .    C - +0 helmet "Xiteudgh" {rPois Str+6 Int+4}
rElec   .          Harm     .    O - +1 cloak {Stlth+}
rCorr   +          Rampage  .    (gloves currently unavailable)
Will    +....      NoTele   +    E - +0 pair of boots
Stlth   ++++                     l - amulet of magic regeneration
HPRegen 0.37/turn                d - ring of resist corrosion
MPRegen 0.58/turn                (no ring)

@: blade hands, hasted and slowed
A: high MP 1, forlorn, divine attributes
a: End Transformation


You were in a Gauntlet.
You had blades for hands.
You visited 3 branches of the dungeon, and saw 14 of its levels.
You also visited: Bailey and Gauntlet.

You collected 939 gold pieces.
You spent 39 gold pieces at shops.

Inventory:

Hand Weapons
 b - a +1 dagger of venom
 c - a +2 shortbow of draining
Missiles
 p - 3 throwing nets
 D - 14 poisoned darts
 M - 13 boomerangs (quivered)
Armour
 C - the +0 helmet "Xiteudgh" (worn) {rPois Str+6 Int+4}
   (You acquired it on level 9 of the Dungeon)

   Str:       It affects your strength (+6).
   Int:       It affects your intelligence (+4).
   rPois:     It protects you from poison.
 E - a +0 pair of boots (worn)
 G - a +2 robe of fire resistance
 K - a +2 leather armour of cold resistance (worn)
 O - a +1 cloak of stealth (worn)
 Q - a +0 pair of gloves (melded)
Magical Staves
 s - a staff of air
Jewellery
 d - a ring of resist corrosion (left blade hand)
 i - a ring of ice
 l - an amulet of magic regeneration (around neck)
Wands
 r - a wand of quicksilver (4)
 J - a wand of flame (47)
 W - a wand of roots (8)
 Y - a wand of polymorph (3)
 Z - a wand of paralysis (2)
Scrolls
 h - 2 scrolls of fog
 j - a scroll of brand weapon {unknown}
 m - 4 scrolls of poison {unknown}
 n - 4 scrolls of teleportation
 v - a scroll of butterflies {unknown}
 x - 2 scrolls of noise {unknown}
 y - 4 scrolls of blinking {unknown}
 H - a scroll of fear
 L - a scroll of immolation
 P - 2 scrolls of torment {unknown}
 S - a scroll of silence
 T - a scroll of vulnerability
 U - a scroll of enchant armour {unknown}
Potions
 a - a potion of berserk rage
 g - 8 potions of curing
 k - 2 potions of ambrosia {unknown}
 q - 2 potions of mutation {unknown}
 t - 5 potions of heal wounds
 u - 4 potions of invisibility
 w - 3 potions of lignification
 z - 4 potions of attraction
 A - a potion of might {unknown}
 B - 2 potions of haste
 I - 4 potions of brilliance {unknown}
 N - a potion of flight {unknown}
 X - a potion of magic {unknown}


   Skills:
 + Level 7.3 Fighting
 - Level 1.7 Dodging
 - Level 4.5 Stealth
 + Level 15.8 Unarmed Combat
 - Level 4.0 Spellcasting
 * Level 8.2 Transmutations
 - Level 4.0 Evocations


You had 4 spell levels left.
You knew the following spells:

 Your Spells              Type           Power      Damage    Failure   Level
a - Call Canine Familiar  Summ           4%         N/A       75%         3
b - Mephitic Cloud        Conj/Pois/Air  4%         N/A       75%         3
c - Blade Hands           Tmut           22%        N/A       47%         5
d - Irradiate             Conj/Tmut      12%        3d15      87%         5

Your spell library contained the following spells:

 Spells                   Type           Power      Damage    Failure   Level
 Freeze                   Ice            16%        1d4       47%         1
 Kiss of Death            Conj/Necr      16%        2d6       47%         1
 Necrotise                Necr           16%        1d4       47%         1
 Cigotuvi's Dreadful Rot  Necr/Pois/Air  8%         N/A       58%         2
 Poisonous Vapours        Pois/Air       8%         N/A       58%         2
 Ice Form                 Ice/Tmut       24%        N/A       63%         4
 Frozen Ramparts          Ice            8%         1d2       75%         3
 Gell's Gravitas          Tloc           4%         N/A       75%         3
 Hailstorm                Conj/Ice       4%         3d4       75%         3
 Lesser Beckoning         Tloc           8%         N/A       75%         3
 Portal Projectile        Hex/Tloc       8%         N/A       75%         3
 Teleport Other           Tloc           4%         N/A       75%         3
 Vampiric Draining        Necr           4%         2d6       75%         3
 Leda's Liquefaction      Hex/Erth       2%         N/A       96%         4
 Summon Ice Beast         Ice/Summ       4%         N/A       96%         4
 Agony                    Necr           4%         N/A       100%        5
 Dragon Form              Tmut           22%        N/A       100%        7
 Malign Gateway           Summ/Tloc      2%         N/A       100%        7
 Disjunction              Tloc           2%         N/A       100%        8


Dungeon Overview and Level Annotations

Branches:
Dungeon (11/15)            Temple (0/1) D:4            Lair (2/5) D:8
    Orc (1/2) D:11         Bailey (visited)         Gauntlet (1/1)
  Swamp: Lair:2-3    Shoals: Lair:2-3     Snake: Lair:2-3    Spider: Lair:2-3

Shops:
D:11 ([(

Annotations:
D:5 1 runed translucent door, zishaf's ghost, novice HuWn
D:7 exclusion: two-headed ogre
D:8 exclusion: hornet, Erica
D:9 2 transporters, cforsyth's ghost, journeyman GrEE
D:11 exclusion: vampire
Orc:1 Jorgrun Gauntlet 11 transporters


Innate Abilities, Weirdness & Mutations

You have blades for hands.
Your spellcasting is less reliable in this form.
You are incapable of wielding weapons or throwing items.
You have an increased reservoir of magic. (+10% MP)
You shall have no god before yourself.
Your divine heritage dramatically boosts your attributes as you level up.


Message History

Your hands turn into razor-sharp scythe blades.
Your +0 pair of gloves melds into your body.
You enter the transporter and appear at another place.
The death scarab's many legs skitter faintly.
The death scarab bites you! The death scarab drains your vigour!
You feel yourself slow down.
The death scarab draws strength from your injuries!
You slash the death scarab!
The death scarab is moderately damaged.
The death scarab bites you. The death scarab drains your vigour!
You feel as though you will be slow longer.
The death scarab draws strength from your injuries!
You can't do that in your present form.
Unknown command.
Unknown command.
Unknown command.
The death scarab bites you!!
The death scarab draws strength from your injuries!
The death scarab bites you! The death scarab drains your vigour!
You feel as though you will be slow longer.
The death scarab draws strength from your injuries!
Unknown command.
Unknown command.
Unknown command.
Unknown command.
Unknown command.
Unknown command.
You feel yourself speed up. The death scarab barely misses you.
The death scarab bites you!!
The death scarab draws strength from your injuries!
Unknown command.
Unknown command.
Unknown command.
The death scarab attacks as you move away!
The death scarab bites you but does no damage.
The death scarab bites you!
* * * LOW HITPOINT WARNING * * *
The death scarab draws strength from your injuries!
The death scarab bites you!!
You die...

....§§.......©.......#8#
#####§..###########..###
#..y#...#.........#..#
.#.y#.∩.#.#.....#.#..###
.##y#...#..#####..#..#8#
#..##...#..##.##..#..###
....#...#....©..Z.#..#
#..##...#..##.##B.#..###
###.#...#..#####@.#..#8#
.#..#...#.#.....#.#..###
.(..#...#..!.©.=B.#..#
#####...###########..###
.#....≈....#.©.#.....#8#
.#...≈8≈...#...#.8...###
.#....≈....#.©.#.....#
#####...###########..###
....#...#55.......#..#8#


You could see a spectral six-headed hydra and a death scarab.

Vanquished Creatures
  3 two-headed ogres
  Pikel (D:7)
  3 elephants (Lair:1)
  2 cyclopes (D:10)
  2 black mambas
  3 komodo dragons
  Psyche (D:10)
  2 unseen horrors
  3 cane toads (Lair:2)
  A gargoyle (D:10)
  A polar bear (Lair:1)
  A troll (D:10)
  A hornet (D:10)
  3 blink frogs
  A shadow (D:11)
  22 yaks
  2 wyverns
  3 wraiths
  3 basilisks (D:8)
  2 vampire mosquitoes (D:10)
  2 water moccasins (Lair:2)
  2 acid dragons
  An ice beast (D:7)
  11 orc warriors
  A phantom (D:6)
  8 wolves
  2 centaurs
  2 lemures (D:7)
  6 bullfrogs
  2 scorpions
  3 necrophages (D:6)
  15 wights
  6 killer bees
  2 howler monkeys (D:8)
  2 hounds
  A gnoll bouda (D:9)
  2 jellies (D:6)
  4 orc priests (D:8)
  Crazy Yiuf (D:4)
  2 iguanas
  Natasha (thrice) (D:2)
  15 orc wizards
  Ijyb (D:3)
  Robin (D:4)
  5 adders
  12 gnolls
  2 shadow imps
  2 white imps
  2 ufetubi
  A worm (D:3)
  2 dart slugs (D:3)
  28 orcs
  4 endoplasms
  7 giant cockroaches
  24 goblins
  22 hobgoblins
  8 kobolds
  3 quokkas
  3 training dummies (D:11)
  6 ball pythons
  6 bats
  A frilled lizard (D:1)
  8 rats
301 creatures vanquished.

Vanquished Creatures (collateral kills)
  An orc (Bailey)
  A goblin (Bailey)
2 creatures vanquished.

Vanquished Creatures (others)
  An orc wizard (D:8)
  An orc (D:11)
  23 fungi (Lair:2)
  61 plants
86 creatures vanquished.

Grand Total: 389 creatures vanquished

Notes
Turn   | Place    | Note
-------+----------+-------------------------------------------
     0 | D:5      | drugrobin the Demigod Delver began the quest for the Orb.
     0 | D:5      | Reached XP level 1. HP: 18/18 MP: 3/3
    38 | D:5      | Noticed a scorpion
    60 | D:5      | Found a runed translucent door.
    63 | D:5      | Noticed zishaf's ghost (novice HuWn)
    64 | D:5      | Noticed a steam dragon
    65 | D:5      | Noticed a hound
   166 | D:4      | Reached skill level 2 in Unarmed Combat
   239 | D:4      | Found a runed translucent door.
   240 | D:4      | Noticed Crazy Yiuf
   259 | D:4      | Noticed Ijyb
   320 | D:3      | Noticed an orc wizard
   353 | D:3      | Noticed Natasha
   363 | D:2      | Reached XP level 2. HP: 23/25 MP: 4/4
   712 | D:1      | Reached skill level 3 in Unarmed Combat
  1287 | D:1      | Reached XP level 3. HP: 30/30 MP: 5/5
  2257 | D:2      | Killed Natasha
  2258 | D:2      | Reached skill level 4 in Unarmed Combat
  2258 | D:2      | Reached XP level 4. HP: 23/37 MP: 6/6
  2363 | D:2      | Noticed Natasha
  2376 | D:2      | Killed Natasha
  2476 | D:2      | Noticed Natasha
  2518 | D:2      | Killed Natasha
  2932 | D:3      | Reached skill level 5 in Unarmed Combat
  2951 | D:3      | Reached XP level 5. HP: 42/42 MP: 7/7
  3436 | D:3      | Noticed Terence
  3573 | D:3      | Terence changed into Terence the goblin
  3573 | D:3      | Noticed Terence
  3582 | D:3      | Killed Terence the goblin
  3754 | D:3      | Killed Ijyb
  3982 | D:4      | Found a staircase to the Ecumenical Temple.
  4287 | D:4      | Reached skill level 6 in Unarmed Combat
  4434 | D:4      | Noticed Robin
  4449 | D:4      | Killed Robin
  4450 | D:4      | Reached XP level 6. HP: 42/50 MP: 8/8
  4528 | D:4      | Killed Crazy Yiuf
  5426 | D:6      | Reached skill level 7 in Unarmed Combat
  5436 | D:6      | Reached XP level 7. HP: 43/56 MP: 9/9
  5626 | D:6      | Reached skill level 8 in Unarmed Combat
  5995 | D:6      | Reached skill level 9 in Unarmed Combat
  6144 | D:7      | Noticed a two-headed ogre
  6158 | D:7      | Reached XP level 8. HP: 57/62 MP: 10/10
  6400 | D:7      | Noticed Pikel
  6689 | D:7      | Reached skill level 10 in Unarmed Combat
  7145 | D:7      | Killed Pikel
  7146 | D:7      | Reached skill level 11 in Unarmed Combat
  7504 | D:8      | Noticed Erica
  7676 | D:8      | Reached XP level 9. HP: 68/68 MP: 11/11
  7902 | D:8      | Reached skill level 12 in Unarmed Combat
  8669 | D:8      | Reached skill level 13 in Unarmed Combat
  8848 | D:8      | Found a staircase to the Lair.
  9059 | D:9      | Identified a scroll of acquirement
  9060 | D:9      | Acquired the +0 helmet "Xiteudgh" {rPois Str+6 Int+4}
  9109 | D:9      | Found a flagged portal.
  9125 | D:9      | Found a transporter.
  9163 | Bailey   | Entered a bailey
  9518 | Bailey   | Learned a level 3 spell: Call Canine Familiar
  9824 | Bailey   | Identified the +2 robe "Eremme" {Harm Rampage rCorr Str-4}
 10112 | Bailey   | Reached XP level 10. HP: 72/73 MP: 13/13
 10248 | Bailey   | Noticed an orc warlord
 10356 | D:9      | Reached skill level 14 in Unarmed Combat
 10576 | D:9      | Noticed a two-headed ogre
 10576 | D:9      | Noticed cforsyth's ghost (journeyman GrEE)
 10576 | D:9      | Noticed a two-headed ogre
 10576 | D:9      | Noticed a two-headed ogre
 10577 | D:9      | Found a transporter.
 10577 | D:9      | Noticed a two-headed ogre
 11132 | D:10     | Entered Level 10 of the Dungeon
 11252 | D:10     | Reached skill level 1 in Evocations
 11301 | D:10     | Learned a level 3 spell: Mephitic Cloud
 11591 | D:10     | Reached skill level 1 in Spellcasting
 11823 | D:10     | Paralysed by a hornet for 2 turns
 12124 | D:10     | Noticed a two-headed ogre
 12141 | D:10     | Killed a two-headed ogre
 12153 | D:10     | Learned a level 5 spell: Blade Hands
 12611 | D:10     | Reached skill level 1 in Transmutations
 12611 | D:10     | Reached XP level 11. HP: 75/85 MP: 18/18
 12858 | D:11     | Found Mata's Weapon Boutique.
 12858 | D:11     | Found a staircase to the Orcish Mines.
 12863 | D:11     | Noticed Psyche
 12866 | D:11     | Noticed a two-headed ogre
 13470 | D:11     | Noticed a two-headed ogre
 13471 | D:11     | Found Viluczug's Armour Boutique.
 13472 | D:11     | Got the Folio of the Tesseract and the Mausoleum
 13577 | D:11     | Paralysed by an orc for 5 turns
 13605 | D:11     | Killed a two-headed ogre
 13606 | D:11     | Reached skill level 15 in Unarmed Combat
 13663 | D:11     | Killed a two-headed ogre
 13693 | D:10     | Killed Psyche
 13694 | D:10     | Reached skill level 5 in Fighting
 13960 | D:11     | Found Quimn's Firing Range.
 13969 | D:11     | Bought a throwing net for 39 gold pieces
 14300 | Orc:1    | Entered Level 1 of the Orcish Mines
 14335 | Orc:1    | Noticed Jorgrun
 14600 | Lair:1   | Entered Level 1 of the Lair of Beasts
 15862 | Lair:1   | Reached skill level 5 in Transmutations
 16060 | Lair:1   | Learned a level 5 spell: Irradiate
 16476 | Lair:2   | Found a gate leading to a gauntlet.
 16736 | Lair:2   | Reached XP level 12. HP: 26/96 MP: 21/21
 16767 | Lair:2   | Reached XP level 13. HP: 21/105 MP: 22/22
 16922 | Gauntlet | Entered a Gauntlet
 16922 | Gauntlet | Found a transporter.
 16922 | Gauntlet | Found a transporter.
 16923 | Gauntlet | Found a transporter.
 16926 | Gauntlet | Found a transporter.
 16926 | Gauntlet | Found a transporter.
 16926 | Gauntlet | Found a transporter.
 16967 | Gauntlet | Found a transporter.
 16971 | Gauntlet | Found a transporter.
 16987 | Gauntlet | Found a transporter.
 17002 | Gauntlet | Noticed a reaper
 17006 | Gauntlet | Found a transporter.
 17025 | Gauntlet | Found a transporter.
 17029 | Gauntlet | Found a transporter.
 17102 | Gauntlet | Slain by a death scarab

Illustrated notes

Levels and vault maps discovered:
D:1:      mainiacjoe_arrival_reflecting_pool, layout_loops_corners,
          chequers_mini_garden
D:2:      cheibrodos_old_hovel, layout_loops_ring
D:3:      layout_loops_ring, dreamdust_princess_corridor, minmay_fountain_box,
          hangedman_decor_peaks_small, uniq_natasha, uniq_terence
D:4:      layout_loops_ring, lemuel_crystal_altar,
          minmay_temple_entry_gardened_gates, minmay_crystal_room, uniq_robin,
          uniq_crazy_yiuf_cottage, uniq_ijyb
D:5:      layout_cave_pools, lemuel_blue_sif_altar, ebering_ghost_inner_flame
D:6:      layout_basic, mainiacjoe_overflow_six_doors_small,
          amethyst_overflow_temple_binary, chequers_serial_rivers_small_3,
          minmay_stone_trees_medium
D:7:      layout_basic, mainiacjoe_overflow_brackets, uniq_pikel
D:8:      layout_basic, erik_lair_dragon, uniq_erica
D:9:      layout_basic, enter_bailey_8, gammafunk_ghost_smash, billiards_dpeg
D:10:     layout_gridville, fedhas_altar_3, hellmonk_bongcloud_opening
D:11:     layout_gridville, orc_david_3, nicolae_shop_firing_range, uniq_psyche
Lair:1:   layout_concentric_octagons
Lair:2:   minmay_lair_venomous_thicket, layout_misc_corridors,
          gauntlet_entry_generic
Orc:1:    nicolae_orc_accident_3, layout_diamond_mine, guppyfry_library_mini,
          uniq_jorgrun, uniq_erolcha
Gauntlet: gammafunk_gauntlet_hard_choice [nicolae_gauntlet_arena_blocks,
          gammafunk_gauntlet_arena_chambers, gammafunk_gauntlet_arena_open,
          gammafunk_gauntlet_arena_grid, gammafunk_gauntlet_arena_crates,
          gammafunk_gauntlet_arena_split_diamond,
          nicolae_gauntlet_exit_dead_adventurers]

Skill      XL: |  1  2  3  4  5  6  7  8  9 10 11 12 |
---------------+-------------------------------------+-----
Unarmed Combat | 2 3 4 5 6 7 9 11 13 14 15 | 15.8
Fighting       | 4 6 7 |  7.3
Evocations     | 3 4 |  4.0
Spellcasting   | 2 4 |  4.0
Transmutations | 1 6 8 |  8.2
Dodging        | |  1.7
Stealth        | |  4.5

Action                   |  1- 3 |  4- 6 |  7- 9 | 10-12 | 13-15 || total
-------------------------+-------+-------+-------+-------+-------++-------
Melee: Unarmed           |   103 |   120 |   339 |   349 |     4 ||   915
       Long sword        |    37 |    39 |       |       |       ||    76
       Punch             |     3 |     6 |    29 |    36 |       ||    74
       Dagger            |       |    66 |    50 |    10 |       ||   126
       Falchion          |       |    14 |       |       |       ||    14
       Staff             |       |     2 |     6 |       |       ||     8
 Fire: Sling             |       |     7 |       |       |       ||     7
       Shortbow          |       |       |    19 |    54 |       ||    73
Throw: Dart              |       |       |    19 |     6 |       ||    25
       Throwing net      |       |       |     1 |     2 |       ||     3
       Boomerang         |       |       |       |    10 |       ||    10
 Cast: Call Canine Famil |       |       |     2 |     4 |       ||     6
       Mephitic Cloud    |       |       |       |     9 |       ||     9
       Blade Hands       |       |       |       |     1 |     1 ||     2
Evoke: Wand              |       |     5 |       |    15 |       ||    20
  Use: Potion            |       |     1 |       |     1 |     1 ||     3
       Scroll            |       |       |     5 |     9 |       ||    14
 Stab: Sleeping          |     7 |     1 |     5 |     1 |       ||    14
       Held in net/web   |       |       |     1 |     1 |       ||     2
       Paralysed         |       |       |       |     7 |       ||     7
       Confused          |       |       |       |     5 |       ||     5
       Distracted        |       |       |       |     1 |       ||     1
Armor: Leather armour    |    13 |    61 |   100 |   123 |     1 ||   298
       Chain mail        |    33 |    23 |       |       |       ||    56
       Skin              |     1 |       |       |       |       ||     1
Dodge: Dodged            |    60 |   107 |   144 |   183 |     2 ||   496

Table legend: (Time is in decaauts)
 A = Elapsed time spent in this place.
 B = Non-inter-level travel time spent in this place.
 C = Inter-level travel time spent in this place.
 D = Time resting spent in this place.
 E = Time spent auto-exploring this place.
 F = Levels seen in this place.
 G = Mean time per level.
                   A        B        C        D        E       F      G
               +--------+--------+--------+--------+--------+-----+--------+
         Total |  16978 |  16040 |    938 |   2675 |   9025 |  16 | 1061.1 |
       Dungeon |  13714 |  12825 |    889 |   1818 |   7706 |  11 | 1246.7 |
          Lair |   1928 |   1879 |     49 |    426 |   1113 |   2 |  964.0 |
  Orcish Mines |     58 |     58 |      0 |      0 |     20 |   1 |   58.0 |
        Bailey |   1096 |   1096 |      0 |    431 |    186 |   1 | 1096.0 |
      Gauntlet |    180 |    180 |      0 |      0 |      0 |   1 |  180.0 |
               +--------+--------+--------+--------+--------+-----+--------+

Top non-repeatable levels by time:
     D:8: 1950 daAuts
    D:10: 1839 daAuts
  Lair:1: 1487 daAuts
     D:9: 1392 daAuts
     D:3: 1318 daAuts
     D:7: 1303 daAuts
     D:2: 1140 daAuts
     D:1: 1126 daAuts
  Bailey: 1096 daAuts
     D:4: 1022 daAuts
    D:11: 1020 daAuts
     D:6: 887 daAuts
     D:5: 712 daAuts
  Lair:2: 441 daAuts
Gauntlet: 180 daAuts
